 Dungeon Crawl Stone Soup version 0.32-a0-918-g0f22ef8d61 (webtiles) character file.

Game seed: 12610619066934058099

3603 GlassEater the Cudgeller (level 9, -2/121 HPs)
             Began as a Minotaur Berserker on Apr 11, 2024.
             Was a Priest of Trog.
             Slain by a polar bear (16 damage)
             ... on level 8 of the Dungeon.
             The game lasted 00:22:49 (6063 turns).

GlassEater the Cudgeller (Minotaur Berserker)       Turns: 6063, Time: 00:22:49

Health: -2/121     AC: 13    Str: 26    XL:     9   Next: 86%
Magic:  17/17      EV:  8    Int:  4    God:    Trog [***...]
Gold:   451        SH:  0    Dex: 10    Spells: 8/8 levels left

rFire   . . .        m - +1 flail (heavy)
rCold   . . .        (no shield)
rNeg    . . .        l - +0 plate armour
rPois   .            (helmet restricted)
rElec   .            (no cloak)
rCorr   .            (no gloves)
SInv    .            (no boots)
Will    ++...        k - amulet of Plog {Acrobat Rampage MP+9} Stlth
                     (no ring)
HPRegen 1.40/turn    (no ring)
MPRegen 0.15/turn

%: acrobat, rampage
@: berserking, strong-willed, regenerating, very quick
A: horns 2, retaliatory headbutt
a: Renounce Religion, Berserk, Trog's Hand


You were on level 8 of the Dungeon.
You worshipped Trog.
Trog was most pleased with you.
You visited 1 branch of the dungeon, and saw 8 of its levels.

You collected 451 gold pieces.

Inventory:

Hand Weapons
 m - a +1 heavy flail (weapon)
 o - a +0 whip of electrocution
Missiles
 a - 4 boomerangs (quivered)
 b - 14 poisoned darts
 f - 54 stones
 h - 8 atropa-tipped darts
 i - 6 curare-tipped darts
Armour
 l - a +0 plate armour (worn)
Jewellery
 k - the amulet of Plog (around neck) {Acrobat Rampage MP+9}
   (You found it on level 3 of the Dungeon)

   [amulet of the acrobat]

   Acrobat:   It increases your evasion while moving and waiting.
   MP+9:      It affects your magic capacity (+9).
   Rampage:   It bestows one free step when moving towards enemies.
Wands
 q - a wand of paralysis (8)
Scrolls
 g - 4 scrolls of teleportation
 j - a scroll of brand weapon
 n - a scroll of fear
 p - a scroll of poison {unknown}
 r - 3 scrolls of enchant weapon
Potions
 c - a potion of ambrosia {unknown}
 d - a potion of magic {unknown}
 e - 2 potions of cancellation {unknown}
 s - 2 potions of heal wounds {unknown}
 t - a potion of haste {unknown}


   Skills:
 + Level 7.9 Fighting
 + Level 7.9 Maces & Flails
 + Level 5.5 Throwing
 + Level 7.2 Armour
 + Level 6.4 Dodging
 + Level 6.5 Shields
 + Level 1.4 Evocations


You had 8 spell levels left.
You didn't know any spells.
Your spell library was empty.

Dungeon Overview and Level Annotations

Branches:
Dungeon (8/15)             Temple (0/1) D:5
   Lair: D:8-11

Altars:
Ashenzari
Hepliaklqana
Ru
Sif Muna

Shops:
D:2 [   D:7 :   D:8 *:

Annotations:
D:2 1 runed translucent door, Crazy Yiuf


Innate Abilities, Weirdness & Mutations

You have a pair of horns on your head.
You reflexively headbutt those who attack you in melee.


Message History

The polar bear claws you.
The polar bear claws you but does no damage.
An orc warrior comes into view. It is wielding a +0 hand axe.
The polar bear completely misses you.
The polar bear claws you but does no damage. x2
You bludgeon the polar bear!! Your headbutt misses the polar bear.
The polar bear is heavily wounded.
The polar bear bites you!
The polar bear claws you but does no damage. x2
Unknown command.
You hit the polar bear.
The polar bear is severely wounded.
The polar bear bites you.
The polar bear claws you but does no damage. x2
The polar bear misses you. The polar bear claws you.
The polar bear barely misses you.
Unknown command.
You sock the polar bear!
The polar bear is almost dead.
The polar bear goes berserk!
Unknown command.
You hit the polar bear.
The polar bear is almost dead.
The polar bear bites you but does no damage.
The polar bear claws you but does no damage.
The polar bear claws you. The polar bear barely misses you.
The polar bear claws you but does no damage.
The polar bear barely misses you. The polar bear bites you!!
* * * LOW HITPOINT WARNING * * *
The polar bear claws you but does no damage. x2
Your skin crawls.
You feel strong-willed. The polar bear bites you.
* * * LOW HITPOINT WARNING * * *
The polar bear barely misses you. The polar bear closely misses you.
An orc comes into view. It is wielding a +0 short sword.
Unknown command.
A red film seems to cover your vision as you go berserk!
You feel yourself moving faster!
You feel mighty! The polar bear bites you!
You die...

.. ..... ..
..o.. .
.##...####..
...........
........
.o... #hh#
#h# #@# #.#
#.# #.## ...
###..### #
...
#......#.#
..#
#.###....#
#.## #.
#.#### #..##
# #.####


You could see 3 polar bears, an orc warrior and an orc.

Vanquished Creatures
  Pikel (D:4)
  2 polar bears (D:8)
  A water moccasin (D:6)
  2 ice beasts (D:7)
  3 orc warriors
  2 black bears (D:6)
  A sky beast (D:7)
  2 centaurs
  3 lemures (D:4)
  A wolf (D:8)
  3 phantoms
  A kobold brigand (D:7)
  A bullfrog (D:4)
  A scorpion (D:4)
  6 wights
  2 killer bees (D:7)
  3 jellies
  2 bombardier beetles
  A hound (D:6)
  6 orc priests
  2 sleepcaps
  2 gnoll boudas
  2 iguanas
  3 orc wizards
  A killer bee simulacrum (D:8)
  5 adders
  10 gnolls
  2 shadow imps (D:7)
  2 white imps
  2 ribbon worms
  A dart slug (D:3)
  20 orcs
  5 endoplasms
  6 goblins
  4 hobgoblins
  3 quokkas
  3 ball pythons
  3 bats
  A frilled lizard (D:3)
  5 kobolds
  4 rats
130 creatures vanquished.

Notes
Turn   | Place    | Note
-------+----------+-------------------------------------------
     0 | D:1      | GlassEater the Minotaur Berserker began the quest for the
                  | Orb.
     0 | D:1      | Reached XP level 1. HP: 19/19 MP: 0/0
   443 | D:1      | Reached XP level 2. HP: 19/27 MP: 1/1
   882 | D:2      | Found Unnikh's Antique Armour Boutique.
   890 | D:2      | Reached skill level 1 in Shields
   966 | D:2      | Found a runed translucent door.
   967 | D:2      | Noticed Crazy Yiuf
  1013 | D:2      | Found a shimmering blue altar of Sif Muna.
  1022 | D:2      | Reached skill level 1 in Throwing
  1022 | D:2      | Reached XP level 3. HP: 29/33 MP: 2/2
  1349 | D:3      | Found a broken altar of Ashenzari.
  1468 | D:3      | Identified the amulet of Plog {Acrobat Rampage MP+9}
  1674 | D:3      | Reached XP level 4. HP: 40/40 MP: 3/3
  1716 | D:3      | Reached XP level 5. HP: 44/47 MP: 4/4
  1892 | D:3      | Reached ** piety under Trog
  2224 | D:4      | Noticed a phantom
  2229 | D:4      | Killed a phantom
  2325 | D:4      | Reached XP level 6. HP: 47/53 MP: 5/5
  2566 | D:4      | Noticed Pikel
  2586 | D:4      | Killed Pikel
  2587 | D:4      | Reached skill level 5 in Fighting
  2587 | D:4      | Reached skill level 5 in Maces & Flails
  2587 | D:4      | Reached XP level 7. HP: 61/61 MP: 6/6
  3012 | D:5      | Entered Level 5 of the Dungeon
  3208 | D:4      | Reached skill level 5 in Armour
  3517 | D:5      | Reached XP level 8. HP: 70/70 MP: 7/7
  3705 | D:5      | Found a sacrificial altar of Ru.
  3796 | D:5      | Found a staircase to the Ecumenical Temple.
  4007 | D:6      | Reached skill level 5 in Dodging
  4232 | D:6      | Reached skill level 5 in Shields
  4451 | D:6      | Found the +8 trident of the Octopus King {venom, rElec
                  | rPois}
  4619 | D:6      | Reached XP level 9. HP: 28/75 MP: 8/8
  4922 | D:7      | Reached skill level 5 in Throwing
  4922 | D:7      | Reached *** piety under Trog
  5310 | D:7      | Found Tokow's Book Emporium.
  5521 | D:7      | Found a hazy altar of Hepliaklqana.
  5944 | D:8      | Found Ohoufayd's General Store.
  5945 | D:8      | Identified the +9 sling "Demon's Bane" {heavy, rElec}
  6018 | D:8      | Found Erybb's Book Emporium.
  6042 | D:8      | Noticed a polar bear
  6042 | D:8      | Noticed a polar bear
  6049 | D:8      | Noticed a polar bear
  6052 | D:8      | Killed a polar bear
  6052 | D:8      | Noticed a polar bear
  6053 | D:8      | Reached skill level 1 in Evocations
  6055 | D:8      | Noticed a polar bear
  6056 | D:8      | Killed a polar bear
  6063 | D:8      | Slain by a polar bear

Illustrated notes

Levels and vault maps discovered:
D:1:      erik_arrival_orb_chamber, layout_basic, serial_bayou_pond_e,
          minmay_misc_feat_encased, nicolae_houndstooth_variations
D:2:      cheibrodos_old_hovel, layout_rooms, basic_altar, serial_shops, shop,
          uniq_crazy_yiuf_cottage
D:3:      layout_rooms, mainiacjoe_overflow_alcove_1
D:4:      layout_loops_corners, wad_orctagon, uniq_pikel
D:5:      layout_rooms, lemuel_doored_altar, minmay_temple_entry_metal_lava
D:6:      layout_basic
D:7:      minmay_recursive_quarters, layout_cave_pools,
          nicolae_hepliaklqana_hazy_memory, serial_shops,
          nicolae_shop_rolling_square
D:8:      layout_rooms, serial_shops, shop, shop,
          nicolae_shop_just_a_little_nook, serial_ice, serial_ice_b,
          serial_ice_e, serial_ice_o, serial_ice_n, minmay_misc_feat_doors,
          minivault_19

Skill      XL: |  1  2  3  4  5  6  7  8  9 |
---------------+----------------------------+-----
Shields        | 1 2 3 4 5 6 |  6.5
Throwing       | 1 2 3 4 5 |  5.5
Maces & Flails | 4 5 6 7 |  7.9
Fighting       | 4 5 6 7 |  7.9
Armour         | 3 4 5 6 7 |  7.2
Dodging        | 3 4 5 6 |  6.4
Evocations     | 1 |  1.4

Action                     |  1- 3 |  4- 6 |  7- 9 || total
---------------------------+-------+-------+-------++-------
  Melee: Mace              |    50 |    19 |       ||    69
         Headbutt          |     3 |     8 |    17 ||    28
         Flail             |       |    43 |   157 ||   200
  Throw: Stone             |     4 |       |       ||     4
         Boomerang         |       |       |    21 ||    21
         Dart              |       |       |     3 ||     3
 Invoke: Berserk           |     2 |     2 |     7 ||    11
         Trog's Hand       |       |     1 |     2 ||     3
    Use: Scroll            |       |       |     8 ||     8
         Potion            |       |       |     2 ||     2
   Stab: Distracted        |       |       |     1 ||     1
 Armour: Leather armour    |    29 |       |       ||    29
         Plate armour      |     6 |    47 |   247 ||   300
  Dodge: Dodged            |    24 |    30 |   138 ||   192

Table legend: (Time is in decaauts)
 A = Elapsed time spent in this place.
 B = Non-inter-level travel time spent in this place.
 C = Inter-level travel time spent in this place.
 D = Time resting spent in this place.
 E = Time spent auto-exploring this place.
 F = Levels seen in this place.
 G = Mean time per level.
                   A        B        C        D        E       F      G
               +--------+--------+--------+--------+--------+-----+--------+
         Total |   6293 |   6075 |    218 |   1277 |   3119 |   8 |  786.6 |
       Dungeon |   6293 |   6075 |    218 |   1277 |   3119 |   8 |  786.6 |
               +--------+--------+--------+--------+--------+-----+--------+

Top non-repeatable levels by time:
     D:4: 1582 daAuts
     D:7: 1212 daAuts
     D:6: 867 daAuts
     D:1: 697 daAuts
     D:2: 668 daAuts
     D:3: 582 daAuts
     D:5: 554 daAuts
     D:8: 128 daAuts
